 Dungeon Crawl Stone Soup version 0.19.1-1-g22dce08 (webtiles) character file.

322 esteth the Changer (level 6, -6/38 HPs)
             Began as an Octopode Transmuter on Jan 8, 2017.
             Mangled by an iguana (12 damage)
             ... on level 5 of the Dungeon.
             The game lasted 00:10:19 (4663 turns).

esteth the Changer (Octopode Transmuter)            Turns: 4663, Time: 00:10:20

Health: -6/38      AC:  2    Str:  9    XL:     6   Next: 47%
Magic:  7/9        EV: 19    Int: 18    God:
Gold:   191        SH:  0    Dex: 17    Spells: 2 memorised, 5 levels left

rFire  . . .     SeeInvis .       - Unarmed
rCold  + . .     Gourm    .     (shield currently unavailable)
rNeg   . . .     Faith    .     (helmet currently unavailable)
rPois  x         Spirit   .     j - amulet of magic regeneration
rElec  .         Reflect  .     g - ring of protection from cold
rCorr  .         Harm     .     (no ring)
MR     .....                    (no ring)
Stlth  ++........               (no ring)
                                (no ring)
                                (no ring)
                                (no ring)
                                (no ring)

@: spider-form
A: almost no armour, stealthy swim, (amphibious), 8 rings, (constrict 8),
(camouflage 0), (gelatinous body 0)
a: End Transformation


You were on level 5 of the Dungeon.
You were hungry.
You were a venomous arachnid creature.
You visited 1 branch of the dungeon, and saw 5 of its levels.

You collected 191 gold pieces.

Inventory:

Hand Weapons
 i - a +2 short sword of electrocution (melded)
Missiles
 a - 108 arrows
Armour
 f - a +2 buckler (melded)
Jewellery
 g - a ring of protection from cold (left front leg)
 j - an amulet of magic regeneration (around neck)
Scrolls
 e - 4 scrolls of identify
 m - a scroll of enchant armour
 t - 3 scrolls of fear
Potions
 h - a potion of ambrosia {unknown}
 k - a potion of agility {unknown}
 n - 4 potions of might {unknown}
 o - a potion of degeneration {unknown}
 p - a potion of brilliance {unknown}
 q - a potion of resistance {unknown}
 r - 2 potions of heal wounds {unknown}
 u - 2 potions of curing {unknown}
 v - a potion of invisibility {unknown}
Books
 b - a book of Changes

   Spells                             Type                      Level
   a - Beastly Appendage              Transmutation                1
   b - Sticks to Snakes               Transmutation                2
   c - Spider Form                    Transmutation/Poison         3
   d - Ice Form                       Ice/Transmutation            4
   e - Blade Hands                    Transmutation                5
 l - a book of Cantrips

   Spells                             Type                      Level
   a - Confusing Touch                Hexes                        1
   b - Animate Skeleton               Necromancy                   1
   c - Summon Small Mammal            Summoning                    1
   d - Apportation                    Translocation                1
Comestibles
 c - 2 bread rations {@e1}
 d - 2 fruits
 s - a beef jerky


   Skills:
 - Level 1.0 Fighting
 - Level 2.0 Dodging
 - Level 3.0 Unarmed Combat
 - Level 2.0 Spellcasting
 - Level 5.0 Transmutations
 + Level 5.0 Poison Magic


You had 5 spell levels left.
You knew the following spells:

 Your Spells              Type           Power        Failure   Level  Hunger
a - Beastly Appendage     Tmut           ###...       8%          1    #......
b - Spider Form           Tmut/Pois      ###.......   24%         3    ###....


Dungeon Overview and Level Annotations

Branches:
Dungeon (5/15)
 Temple: D:4-7

Altars:
Trog


Innate Abilities, Weirdness & Mutations

You cannot wear most types of armour.
You are very stealthy in the water. (Stealth+)
((You are amphibious.))
You can wear up to eight rings at the same time.
((You can use your tentacles to constrict eight enemies at once.))
((Your skin changes colour to match your surroundings (Stealth+).))
((Your rubbery body absorbs attacks. (AC +1, EV +1)))


Message History

You hit the iguana but do no damage. The orc wizard closely misses you.
The orc wizard mumbles some strange words.
The orc wizard blinks!
The iguana closely misses you.
You hit the iguana.
The iguana is poisoned.
The iguana is lightly wounded.
The orc wizard gestures wildly while chanting.
The orc wizard blinks!
You hit the iguana.
The iguana looks as sick as possible!
The iguana is moderately wounded.
The iguana barely misses you.
You hit the iguana.
The iguana looks as sick as possible!
The iguana is severely wounded.
The iguana bites you.
* * * LOW HITPOINT WARNING * * *
The orc wizard gestures wildly while chanting.
The orc wizard blinks!
You hit the iguana but do no damage.
The iguana looks as sick as possible!
The iguana is severely wounded.
The iguana bites you!
You die...

#.....## #...... ### ......
##.# ...< #..# #... ##.## #
#..# #..#####
....##..###########......##
#....)ools................
#....ยง######..............
##.... #..............
#.... #.............. #....
#.............. #....
#.............. #....
##..^.......... #....
#.>.[.........
#.............


You could see an iguana, an orc wizard and an orc.

Vanquished Creatures
  3 crimson imps (D:5)
  A centaur zombie (D:5)
  An orc priest (D:5)
  A worker ant (D:5)
  4 gnolls
  4 adders (D:3)
  A worm (D:2)
  3 dart slugs
  2 leopard geckos
  5 giant cockroaches
  5 goblins
  4 hobgoblins
  3 jackals (D:5)
  8 kobolds
  A ball python skeleton (D:4)
  2 bats
  7 frilled lizards
  A leopard gecko skeleton (D:5)
  5 rats
61 creatures vanquished.

Notes
Turn   | Place    | Note
-------+----------+-------------------------------------------
     0 | D:1      | esteth the Octopode Transmuter began the quest for the Orb.
     0 | D:1      | Reached XP level 1. HP: 13/13 MP: 3/3
   487 | D:1      | Reached XP level 2. HP: 16/18 MP: 5/5
   976 | D:2      | Reached XP level 3. HP: 8/23 MP: 6/6
  1202 | D:2      | You fall through a shaft!
  1701 | D:3      | Reached XP level 4. HP: 15/28 MP: 7/7
  2796 | D:2      | Reached skill level 5 in Transmutations
  2829 | D:2      | Reached XP level 5. HP: 30/33 MP: 8/8
  2958 | D:2      | Learned a level 3 spell: Spider Form
  3430 | D:3      | Found a bloodstained altar of Trog.
  3503 | D:4      | Noticed an ogre
  3581 | D:4      | Reached skill level 1 in Poison Magic
  3608 | D:5      | Entered Level 5 of the Dungeon
  4226 | D:5      | Reached XP level 6. HP: 35/38 MP: 9/9
  4654 | D:5      | Reached skill level 5 in Poison Magic
  4663 | D:5      | Mangled by an iguana

Skill      XL: |  1  2  3  4  5  6 |
---------------+-------------------+-----
Transmutations | 3 4 5 |  5.0
Poison Magic   | 3 5 |  5.0
Fighting       | |  1.0
Dodging        | |  2.0
Unarmed Combat | |  3.0
Spellcasting   | |  2.0

Action                   |  1- 3 |  4- 6 || total
-------------------------+-------+-------++-------
Melee: Hand axe          |    60 |    70 ||   130
       Constrict         |    19 |    23 ||    42
       Tentacles         |     5 |    16 ||    21
       Kick              |     5 |       ||     5
       Punch             |     1 |     4 ||     5
       Short sword       |       |    24 ||    24
       Unarmed           |       |     5 ||     5
 Cast: Beastly Appendage |     2 |       ||     2
       Spider Form       |       |     1 ||     1
  Use: Scroll            |     4 |     8 ||    12
 Stab: Sleeping          |     2 |     3 ||     5
       Distracted        |       |     1 ||     1
  Eat: Chunk             |     2 |     5 ||     7
       Bread ration      |       |     1 ||     1
Armor: Skin              |     4 |     5 ||     9
Dodge: Dodged            |    32 |    62 ||    94
Block: Buckler           |    11 |     8 ||    19
